 Dungeon Crawl Stone Soup version 0.26.0-10-g1f06aea511 (webtiles) character file.

Game seed: 10413955971188350831

25 Dracia the Twirler (level 2, -1/22 HPs)
             Began as a Demonspawn Gladiator on Jan 22, 2021.
             Slain by Natasha (3 damage)
             ... on level 2 of the Dungeon.
             The game lasted 00:01:33 (1268 turns).

Dracia the Twirler (Demonspawn Gladiator)           Turns: 1268, Time: 00:01:34

Health: -1/22      AC:  4    Str: 14    XL:     2   Next: 82%
Magic:  2/2        EV: 13    Int:  9    God:
Gold:   194        SH:  0    Dex: 14    Spells: 1/1 levels left

rFire    . . .     SeeInvis .   a - +0 quarterstaff
rCold    . . .     Faith    .   (shield currently unavailable)
rNeg     . . .     Spirit   .   b - +0 leather armour
rPois    .         Reflect  .   c - +0 helmet
rElec    .         Harm     .   (no cloak)
rCorr    .         Rampage  .   (no gloves)
Will     +....                  (no boots)
Stlth    +.........             (no amulet)
HPRegen  0.07/turn              f - ring of willpower
MPRegen  0.08/turn              (no ring)

@: slowed, very slow
A: powered by pain 1
a: no special abilities


You were on level 2 of the Dungeon.
You visited 1 branch of the dungeon, and saw 2 of its levels.

You collected 194 gold pieces.


Innate Abilities, Weirdness & Mutations

You sometimes gain a little power by taking damage.


   Skills:
 - Level 2.0 Fighting
 + Level 3.2 Staves
 - Level 1.7 Throwing
 - Level 1.0 Armour
 - Level 3.0 Dodging


You had one spell level left.
You didn't know any spells.
Your spell library was empty.

Inventory:

Hand Weapons
 a - a +0 quarterstaff (weapon)
Missiles
 d - 3 throwing nets (quivered) {=f=f}
 i - 17 poisoned darts
Armour
 b - a +0 leather armour (worn)
 c - a +0 helmet (worn)
 g - a +0 pair of gloves
Jewellery
 f - a ring of willpower (left hand)
Scrolls
 h - 3 scrolls of remove curse {@r2@r2}
Potions
 e - 2 potions of curing {unknown}
 j - a potion of berserk rage {unknown}
 k - 2 potions of lignification {unknown}

Dungeon Overview and Level Annotations

Branches:
Dungeon (2/15)

Altars:

Annotations:
D:2 Natasha

#.....)..............>.....
#..<....####$.>............
##.....## #...?.........
##.....## #..$.........#
#.....## #.......?.....
.......# #..........##.
.......# #.>.......
...)...############.......##
#.........>.....@h5$......#
.......#############.....##
.......# #....... .......#
######### #.....## ##...##
#####


You could see an iron imp (summoned) and Natasha.


Message History

Natasha growls.
The iron imp closely misses you.
Natasha mumbles some strange words.
You feel troubled. Natasha claws you.
The crimson imp blinks!
Natasha claws you.
* * * LOW HITPOINT WARNING * * *
Natasha stares at you and mumbles some strange words.
You resist with almost no effort.
Natasha stares at you and mumbles some strange words.
You resist with almost no effort. Natasha closely misses you.
The crimson imp lashes its tail.
You barely miss Natasha.
The crimson imp disappears in a puff of smoke!
Natasha misses you. x2
You hit Natasha.
Natasha is moderately wounded.
Natasha barely misses you.
Natasha stares at you and mumbles some strange words.
The magic dart hits you.
* * * LOW HITPOINT WARNING * * *
You barely miss Natasha.
Natasha is moderately wounded.
Natasha growls.
Natasha claws you.
* * * LOW HITPOINT WARNING * * *
Natasha claws you.
You die...

Skill      XL: |  1  2 |
---------------+-------+-----
Dodging        | 3 |  3.0
Armour         | 1 |  1.0
Staves         | 3 |  3.2
Fighting       | |  2.0
Throwing       | |  1.7

Action                   || total
-------------------------++-------
Melee: Quarterstaff      ||    50
  Use: Scroll            ||     4
 Stab: Sleeping          ||     1
Armor: Leather armour    ||    12
Dodge: Dodged            ||    48

Levels and vault maps discovered:
D:1:      dpeg_arrival_round_a, layout_loops_corners, minmay_gold_behind_fungi
D:2:      layout_rooms, minmay_curled_crystal, uniq_natasha, uniq_sigmund

Notes
Turn   | Place    | Note
-------+----------+-------------------------------------------
     0 | D:1      | Dracia the Demonspawn Gladiator began the quest for the
                  | Orb.
     0 | D:1      | Reached XP level 1. HP: 16/16 MP: 1/1
   973 | D:2      | Reached skill level 3 in Dodging
   987 | D:2      | Reached skill level 1 in Armour
   987 | D:2      | Gained mutation: You sometimes gain a little power by
                  | taking damage. [demonic ancestry]
   987 | D:2      | Reached XP level 2. HP: 22/22 MP: 2/2
  1095 | D:2      | Reached skill level 3 in Staves
  1254 | D:2      | Noticed Natasha
  1257 | D:2      | Noticed a crimson imp
  1268 | D:2      | HP: 2/22 [Natasha (4)]
  1268 | D:2      | Slain by Natasha

Vanquished Creatures
  An adder (D:2)
  2 giant cockroaches
  2 goblins (D:2)
  A hobgoblin (D:2)
  2 kobolds
  A quokka (D:2)
  3 bats
  A frilled lizard (D:2)
  A rat (D:2)
14 creatures vanquished.

Vanquished Creatures (others)
  A fungus (D:1)
  3 toadstools (D:1)
4 creatures vanquished.

Grand Total: 18 creatures vanquished

Table legend: (Time is in decaauts)
 A = Elapsed time spent in this place.
 B = Non-inter-level travel time spent in this place.
 C = Inter-level travel time spent in this place.
 D = Time resting spent in this place.
 E = Time spent auto-exploring this place.
 F = Levels seen in this place.
 G = Mean time per level.
                   A        B        C        D        E       F      G
               +--------+--------+--------+--------+--------+-----+--------+
         Total |   1279 |   1276 |      3 |      0 |   1153 |   2 |  639.5 |
       Dungeon |   1279 |   1276 |      3 |      0 |   1153 |   2 |  639.5 |
               +--------+--------+--------+--------+--------+-----+--------+

Top non-repeatable levels by time:
     D:1: 924 daAuts
     D:2: 355 daAuts

Table legend:
 A = Non-vault XP
 B = Vault XP
 C = Vault XP percentage of total XP
 D = Non-vault monster count
 E = Vault monster count
 F = Vault count percentage of total count
                 A         B        C        D         E       F
            +---------+---------+-------+---------+---------+-------
      Total |      36 |       0 |   0.0 |      14 |       0 |   0.0
            +---------+---------+-------+---------+---------+-------
        D:1 |       6 |       0 |   0.0 |       4 |       0 |   0.0
        D:2 |      30 |       0 |   0.0 |      10 |       0 |   0.0
            +---------+---------+-------+---------+---------+-------
